 Dungeon Crawl Stone Soup version 0.29.1-15-g9cfb28693d (webtiles) character file.

Game seed: 387407681343821601

116 dudediamond6 the Magician (level 4, -1/33 HPs)
             Began as a Draconian Conjurer on Feb 24, 2023.
             Slain by Grinder (6 damage)
             ... on level 3 of the Dungeon.
             The game lasted 00:04:53 (2762 turns).

dudediamond6 the Magician (Draconian Conjurer)      Turns: 2762, Time: 00:04:53

Health: -1/33      AC: 12    Str: 10    XL:     4   Next: 69%
Magic:  1/10       EV: 12    Int: 20    God:
Gold:   162        SH:  0    Dex:  9    Spells: 9/12 levels left

rFire   . . .      SeeInvis .   r - +2 quarterstaff (chaos)
rCold   . . .      Faith    .   (shield currently unavailable)
rNeg    . . .      Spirit   .   (body armour unavailable)
rPois   .          Reflect  .   p - +0 hat
rElec   .          Harm     .   q - +2 cloak
rCorr   .          Rampage  .   (no gloves)
Will    .....                   (no boots)
Stlth   ++........              (no amulet)
HPRegen 0.11/turn               b - +4 ring of protection
MPRegen 0.12/turn               (no ring)

@: no status effects
A: AC +5, unfitting armour, cold-blooded
a: no special abilities


You were on level 3 of the Dungeon.
You visited 1 branch of the dungeon, and saw 3 of its levels.

You collected 162 gold pieces.

Inventory:

Hand Weapons
 r - a +2 quarterstaff of chaos (weapon)
Armour
 p - a +0 hat (worn)
 q - a +2 cloak (worn)
Jewellery
 b - a +4 ring of protection (left hand)
Scrolls
 d - 2 scrolls of identify {unknown}
 h - a scroll of enchant weapon {unknown}
 j - a scroll of fear {unknown}
 k - 3 scrolls of immolation {unknown}
 n - a scroll of teleportation {unknown}
Potions
 a - a potion of magic
 c - 2 potions of brilliance {unknown}
 f - a potion of attraction {unknown}
 g - 4 potions of berserk rage {unknown}
 i - a potion of ambrosia {unknown}
 l - a potion of curing {unknown}
 m - a potion of invisibility {unknown}
 o - a potion of lignification {unknown}


   Skills:
 - Level 0.4 Axes
 - Level 1.7 Dodging
 - Level 1.7 Stealth
 * Level 4.5 Spellcasting
 - Level 4.0 Conjurations


You had 9 spell levels left.
You knew the following spells:

 Your Spells              Type           Power      Damage    Failure   Level
a - Magic Dart            Conj           80%        1d7       2%          1
b - Searing Ray           Conj           40%        2d5       3%          2

Your spell library contained the following spells:

 Spells                   Type           Power      Damage    Failure   Level
 Shock                    Conj/Air       48%        1d6       5%          1
 Dazzling Flash           Conj/Hex       24%        N/A       16%         3
 Swiftness                Air            4%         N/A       36%         3
 Fulminant Prism          Conj/Hex       6%         3d7       47%         4
 Iskenderun's Mystic Bla  Conj/Tloc      12%        2d5       47%         4
 Airstrike                Air            2%         2d(1-17)  77%         4


Dungeon Overview and Level Annotations

Branches:
Dungeon (3/15)

Altars:

Annotations:
D:3 Grinder


Innate Abilities, Weirdness & Mutations

Your plain brown scales are hard. (AC +5)
You cannot fit into any form of body armour.
You are cold-blooded and may be slowed by cold attacks.


Message History

Grinder is heavily wounded. (Press . to maintain the ray.)
The searing ray hits Grinder.
Grinder is heavily wounded.
Grinder zaps a wand.
The puff of flame hits you.
The searing ray hits Grinder.
Grinder is severely wounded.
You are too injured to fight recklessly!
Grinder zaps a wand.
The puff of flame hits you but does no damage.
You closely miss Grinder.
Grinder is severely wounded.
Grinder blinks!
You are too injured to fight recklessly!
Casting: Searing Ray (safe; 3% risk of failure)
Confirm with . or Enter, or press ? or * to list all spells.
Aiming: Magic Dart (safe; 2% risk of failure)
Press: ? - help, Shift-Dir - straight line, f/p - Grinder
Aim: Grinder, carrying a wand of flame (14) (severely wounded, 100% to hit)
The magic dart hits Grinder but does no damage.
Grinder is severely wounded.
You are too injured to fight recklessly!
You barely miss Grinder.
Grinder is heavily wounded.
Grinder barely misses you.
You barely miss Grinder.
Your tail-slap misses Grinder.
Grinder is heavily wounded.
Grinder hits you but does no damage.
You barely miss Grinder.
Grinder is heavily wounded.
Grinder gestures at you. Pain shoots through your body!
* * * LOW HITPOINT WARNING * * *
Grinder closely misses you.
You barely miss Grinder.
Your tail-slap misses Grinder.
Grinder is heavily wounded.
Grinder hits you.
* * * LOW HITPOINT WARNING * * *
You writhe in agony.
You die...

................
..................#
...................
..................#
..................#
..................#
.......<...........
...................
...........@5......
...................
........>..........
...................
...................
.............!.....
..................
.................
.$.............


You could see Grinder.

Vanquished Creatures
  Crazy Yiuf (D:2)
  3 adders
  2 dart slugs
  6 bats
  6 endoplasms
  A giant cockroach (D:1)
  4 goblins
  5 hobgoblins
  7 jackals (D:1)
  2 quokkas
  6 ball pythons
  2 frilled lizards (D:1)
  6 kobolds
  2 rats
53 creatures vanquished.

Notes
Turn   | Place    | Note
-------+----------+-------------------------------------------
     0 | D:1      | dudediamond6 the Draconian Conjurer began the quest for the
                  | Orb.
     0 | D:1      | Reached XP level 1. HP: 14/14 MP: 3/3
   157 | D:1      | Reached XP level 2. HP: 20/20 MP: 3/5
   773 | D:1      | Reached XP level 3. HP: 17/26 MP: 7/7
  1301 | D:2      | Learned a level 2 spell: Searing Ray
  1374 | D:2      | Found a faded altar of an unknown god.
  1775 | D:2      | Reached XP level 4. HP: 31/33 MP: 8/10
  2055 | D:2      | Found a runed translucent door.
  2056 | D:2      | Noticed Crazy Yiuf
  2359 | D:2      | Killed Crazy Yiuf
  2745 | D:3      | Noticed Grinder
  2762 | D:3      | Slain by Grinder

Illustrated notes

Levels and vault maps discovered:
D:1:      lemuel_arrival_tunnels, layout_basic, minmay_indecisive_spiral
D:2:      layout_loops_ring, hellmonk_ecumenical_altar_arch_garden,
          roderic_roman_lattice, minivault_11, lemuel_flame_loot_1,
          uniq_crazy_yiuf_cottage
D:3:      layout_basic, general_overflow_altar, uniq_grinder

Skill      XL: |  1  2  3 |
---------------+----------+-----
Spellcasting   | 3 4 |  4.5
Axes           | |  0.4
Dodging        | |  1.7
Stealth        | |  1.7
Conjurations   | |  4.0

Action                   |  1- 3 |  4- 6 || total
-------------------------+-------+-------++-------
Melee: War axe           |    73 |     4 ||    77
       Tailslap          |     3 |       ||     3
       Quarterstaff      |       |     5 ||     5
 Cast: Magic Dart        |    54 |    17 ||    71
       Searing Ray       |       |     2 ||     2
 Stab: Sleeping          |     2 |       ||     2
Armor: Skin              |    55 |     3 ||    58
Dodge: Dodged            |    86 |     4 ||    90
